cohdb
Replays
Latest Replays
All Replays
Popular Replays
Top Player Replays
Match Explorer
How It Works
Community
CoH3 Stats
Reddit
Sign in to upload your games and track your stats! →
Sign in with Steam
Match 47225737
Unlisted
Match 47225737
Overview
Messages
Build Orders
End
Construct Barracks
Riflemen Squad
1⁄4-ton 4x4 Truck
Engineer Squad
Construct Weapon Support Center
M1919 Machine Gun Team
Selects Heavy Weapons
Selects M2HB .50cal Heavy Machine Gun
Mechanized Support Center
Riflemen Squad
M3 Armored Personnel Carrier
1⁄4-ton 4x4 Truck
Selects Assault Carriers
Bazooka Squad
M3 Assault Carrier
Construct Motor Pool
Selects Halftrack Strongpoints
Selects Halftrack Strongpoints
M1918 Browning Automatic Rifles
M1 Anti-tank Gun Team
M1919 Machine Gun Team
M1919 Machine Gun Team
Construct Tank Depot
Engineer Squad
M18 Hellcat Tank Destroyer
M1919 Machine Gun Team
Mortar Pit
Riflemen Squad
Black Best
Mr.ToFu
[ Nut ]
ZeroGhost
t34
Abazur
lsktdmx
飞云
0
0
Comments
sign in to comment!
No comments posted yet!